 Dungeon Crawl Stone Soup version 0.28.0-43-g3370ac3207 (webtiles) character file.

Game seed: 1079119714301090790

3857 protoss039 the Thaumaturge (level 9, -2/52 HPs)
             Began as a Deep Elf Earth Elementalist on Mar 3, 2022.
             Was a Believer of Sif Muna.
             Succumbed to a hornet's poison
             ... on level 7 of the Dungeon.
             The game lasted 00:25:29 (10177 turns).

protoss039 the Thaumaturge (DEEE)                  Turns: 10177, Time: 00:25:29

Health: -2/52      AC: 10    Str:  9    XL:     9   Next: 99%
Magic:  20/26      EV: 13    Int: 25    God:    Sif Muna [**....]
Gold:   505        SH:  0    Dex: 21    Spells: 21/31 levels left

rFire   . . .      SeeInvis .   M - +6 rapier "Taoteum" {chaos, Fly rElec Str+4 Dex+6}
rCold   . . .      Faith    .   (no shield)
rNeg    . . .      Spirit   .   b - +0 robe
rPois   .          Reflect  .   (no helmet)
rElec   +          Harm     .   A - +0 cloak
rCorr   .          Rampage  .   (no gloves)
Will    .....                   q - +2 pair of boots
Stlth   +++.......              (no amulet)
HPRegen 0.17/turn               l - +4 ring of protection
MPRegen 0.20/turn               (no ring)

@: lethally poisoned (-2 -> -23), flying, slowed, very slow
A: no striking features
a: Renounce Religion, Channel Magic


You were on level 7 of the Dungeon.
You worshipped Sif Muna.
Sif Muna was pleased with you.
You visited 2 branches of the dungeon, and saw 9 of its levels.
You also visited: Sewer.

You collected 505 gold pieces.

Inventory:

Hand Weapons
 M - the +6 rapier "Taoteum" (weapon) {chaos, Fly rElec Str+4 Dex+6}
   (You took it off a kobold brigand on level 6 of the Dungeon)

   Each time it hits an enemy it has a different, random effect.
   Str:       It affects your strength (+4).
   Dex:       It affects your dexterity (+6).
   rElec:     It insulates you from electricity.
   Fly:       It grants you flight.
Missiles
 c - 113 stones
 f - 2 throwing nets
Armour
 b - a +0 robe (worn)
 q - a +2 pair of boots (worn)
 A - a +0 cloak (worn)
Magical Staves
 E - a staff of air
Jewellery
 h - a ring of protection from fire
 k - a ring of willpower
 l - a +4 ring of protection (left hand)
 o - a ring of ice
 z - a ring of protection from fire
Wands
 w - a wand of polymorph (3)
 B - a wand of digging (3)
 G - a wand of acid (8)
 K - a wand of paralysis (7)
Scrolls
 g - 3 scrolls of teleportation
 i - 2 scrolls of enchant weapon {unknown}
 j - 2 scrolls of blinking {unknown}
 s - a scroll of acquirement {unknown}
 t - a scroll of identify
 u - 2 scrolls of vulnerability {unknown}
 x - a scroll of magic mapping {unknown}
 y - a scroll of enchant armour {unknown}
 C - a scroll of amnesia {unknown}
 F - a scroll of fear {unknown}
 I - a scroll of silence {unknown}
 N - a scroll of fog {unknown}
Potions
 a - 4 potions of brilliance
 d - a potion of invisibility {unknown}
 e - 2 potions of heal wounds
 m - 2 potions of berserk rage
 n - 3 potions of resistance
 p - 2 potions of magic
 r - a potion of attraction {unknown}
 v - a potion of curing {unknown}
 D - a potion of degeneration {unknown}
 H - a potion of lignification {unknown}
 J - 2 potions of mutation {unknown}
 L - a potion of flight {unknown}
 O - a potion of might {unknown}
 P - a potion of haste {unknown}


   Skills:
 * Level 3.7 Fighting
 - Level 3.0 Dodging
 - Level 3.0 Stealth
 + Level 11.8 Spellcasting
 - Level 2.0 Conjurations
 - Level 4.8 Transmutations
 * Level 9.9 Earth Magic
 * Level 2.3 Invocations


You had 21 spell levels left.
You knew the following spells:

 Your Spells              Type           Power      Damage    Failure   Level
a - Sandblast             Erth           100%       2d20      1%          1
b - Passwall              Tmut/Erth      42%        N/A       1%          2
c - Stone Arrow           Conj/Erth      88%        3d12      1%          3
d - Petrify               Tmut/Erth      51%        N/A       1%          4

Your spell library contained the following spells:

 Spells                   Type           Power      Damage    Failure   Level
 Foxfire                  Conj/Fire      76%        2x1d7     2%          1
 Animate Skeleton         Necr           28%        N/A       4%          1
 Apportation              Tloc           28%        N/A       4%          1
 Slow                     Hex            56%        N/A       4%          1
 Summon Small Mammal      Summ           56%        N/A       4%          1
 Animate Armour           Summ/Erth      78%        N/A       5%          4
 Conjure Flame            Conj/Fire      19%        6-21      9%          3
 Confusing Touch          Hex            14%        N/A       12%         3
 Inner Flame              Hex/Fire       14%        N/A       12%         3
 Vampiric Draining        Necr           14%        2d7       12%         3
 Flame Wave               Conj/Fire      19%        2d6       26%         4
 Airstrike                Air            7%         N/A       38%         4
 Cause Fear               Hex            7%         N/A       38%         4
 Summon Lightning Spire   Summ/Air       14%        N/A       38%         4
 Lightning Bolt           Conj/Air       9%         1d22      58%         5
 Discord                  Hex            7%         N/A       100%        8
 Lehudib's Crystal Spear  Conj/Erth      22%        10d6      100%        8


Dungeon Overview and Level Annotations

Branches:
Dungeon (8/15)             Temple (1/1) D:4           Sewer (visited)
   Lair: D:8-11

Altars:
Ashenzari
Cheibriados
Dithmenos
Elyvilon
Fedhas
Gozag
Kikubaaqudgha
Makhleb
Nemelex Xobeh
Okawaru
Qazlal
Ru
Sif Muna
Trog
Vehumet
Wu Jian
Xom
Yredelemnul
Zin
The Shining One

Shops:
D:1 [   D:2 (

Annotations:
D:6 Sigmund
D:8 Harold


Message History

Confirm with . or Enter, or press ? or * to list all spells.
Aiming: Stone Arrow (safe; 1% risk of failure)
Press: ? - help, Shift-Dir - straight line, f/p - hornet
Aim: a hornet (moderately wounded, 64% to hit)
The stone arrow misses the hornet.
The steam dragon hisses angrily.
Casting: Stone Arrow (safe; 1% risk of failure)
Confirm with . or Enter, or press ? or * to list all spells.
Aiming: Sandblast (safe; 1% risk of failure)
Press: ? - help, Shift-Dir - straight line, f/p - hornet
Aim: a hornet (moderately wounded, 76% to hit)
The blast of sand hits the hornet.
The hornet is moderately wounded.
The hornet stings you!
You feel yourself slow down. The steam dragon breathes steam at you.
The ball of steam hits you! The hornet stings you.
You are poisoned.
You feel as though you will be slow longer.
Unknown command.
Unknown command.
Unknown command.
What are your orders? t - Shout!
Orders for allies: a - Attack new target. p - Attack previous target. r - Retreat! s - Stop attacking. g - Guard the area. f - Follow me.
Anything else - Cancel.
Okay, then.
Okay, then.
Unknown command.
You are engulfed in a cloud of scalding steam.
You feel very sick. The hornet stings you.
You are lethally poisoned!
You suddenly lose the ability to move!
The hornet stings you!
* * * LOW HITPOINT WARNING * * *
You feel as though you will be slow longer.
You can move again.
You fly upwards.
You die...

### ##### ..# ######## #...#
..###......####### ###..##
......####.......# ##....#
..##### #######.## #..##.####
..### #@y# ##.#......# ..).##
##.###..#......# ..[..#
#.............# ..#[.#
###..###......# ###..### ##.##
#(.....# #......###### #..#
##.##.###
#.....[.#...######.####..##.##
#............##.....##..###..###
#..######.#............#####...#


You could see a hornet.

Vanquished Creatures
  Eustachio (D:5)
  A steam dragon (D:7)
  3 vampire mosquitoes (D:7)
  2 water moccasins
  An orc warrior (D:7)
  A sky beast (D:4)
  An ice beast (D:6)
  A black bear (D:4)
  3 ogres
  3 centaurs
  Blork the orc (D:6)
  A bullfrog (D:7)
  A kobold brigand (D:6)
  A gnoll sergeant (D:4)
  A water moccasin zombie (D:5)
  2 scorpions
  7 wights
  A vampire bat (D:4)
  3 howler monkeys
  3 centaur zombies
  A bullfrog zombie (D:5)
  2 jellies (D:6)
  4 hounds
  A gnoll shaman (D:6)
  4 orc priests
  Crazy Yiuf (D:4)
  3 centaur skeletons
  3 bullfrog skeletons (D:5)
  An iguana (D:4)
  5 orc wizards
  A killer bee zombie (D:5)
  2 howler monkey zombies (D:5)
  16 gnolls
  2 howler monkey skeletons
  6 adders
  A white imp (D:3)
  An ufetubus (D:7)
  An adder skeleton (D:4)
  3 adder zombies (D:5)
  2 dart slugs
  3 fire bats (D:4)
  11 orcs
  2 spectral bats (D:4)
  16 bats
  3 bat skeletons (D:4)
  A bat zombie (D:4)
  4 endoplasms
  A giant cockroach (D:3)
  5 goblins
  8 hobgoblins
  7 jackals
  4 quokkas
  5 ball pythons
  A bat simulacrum (D:4)
  9 kobolds
  4 rats
182 creatures vanquished.

Vanquished Creatures (others)
  A withered plant (D:5)
1 creature vanquished.

Grand Total: 183 creatures vanquished

Notes
Turn   | Place    | Note
-------+----------+-------------------------------------------
     0 | D:1      | protoss039 the Deep Elf Earth Elementalist began the quest
                  | for the Orb.
     0 | D:1      | Reached XP level 1. HP: 10/10 MP: 6/6
   145 | D:1      | Reached XP level 2. HP: 12/15 MP: 4/8
   708 | D:1      | Found Celuiph's Antique Armour Emporium.
  1364 | D:1      | Learned a level 2 spell: Passwall
  1601 | D:2      | Found a faded altar of an unknown god.
  1609 | D:2      | Reached XP level 3. HP: 18/19 MP: 10/10
  2034 | D:2      | Found Paxuzo's Antique Weapon Boutique.
  2145 | D:3      | Reached skill level 4 in Spellcasting
  2147 | D:3      | Reached XP level 4. HP: 24/24 MP: 4/12
  2267 | D:2      | Learned a level 3 spell: Stone Arrow
  2272 | D:2      | Learned a level 4 spell: Petrify
  2646 | D:3      | Reached skill level 5 in Spellcasting
  2646 | D:3      | Reached skill level 5 in Earth Magic
  2646 | D:3      | Reached XP level 5. HP: 28/28 MP: 9/14
  3285 | D:4      | Noticed a sky beast
  3373 | D:4      | Killed a sky beast
  3374 | D:4      | Reached skill level 6 in Spellcasting
  3374 | D:4      | Reached XP level 6. HP: 22/32 MP: 14/17
  3679 | D:4      | Reached skill level 7 in Spellcasting
  4552 | D:4      | Reached XP level 7. HP: 36/36 MP: 2/20
  4833 | D:4      | Reached skill level 1 in Conjurations
  4936 | D:4      | Reached skill level 8 in Spellcasting
  5142 | D:4      | Found a runed translucent door.
  5143 | D:4      | Noticed Crazy Yiuf
  5161 | D:4      | Found a staircase to the Ecumenical Temple.
  5268 | Temple   | Entered the Ecumenical Temple
  5579 | Temple   | Became a worshipper of Sif Muna the Loreminder
  5673 | D:4      | Killed Crazy Yiuf
  5756 | D:5      | Entered Level 5 of the Dungeon
  5787 | D:5      | Noticed Eustachio
  5788 | D:5      | Reached skill level 1 in Fighting
  5921 | D:5      | Reached XP level 8. HP: 41/43 MP: 6/22
  6093 | D:5      | Killed Eustachio
  6094 | D:5      | Reached skill level 9 in Spellcasting
  7288 | D:6      | Found a faded altar of an unknown god.
  7288 | D:6      | Noticed Sigmund
  7393 | D:6      | Found a glowing drain.
  7417 | Sewer    | Entered a sewer
  7420 | Sewer    | Reached * piety under Sif Muna
  7489 | Sewer    | Reached skill level 10 in Spellcasting
  7559 | D:6      | Reached XP level 9. HP: 24/49 MP: 18/25
  7952 | D:6      | Noticed Blork the orc
  7959 | D:6      | Killed Blork the orc
  8262 | D:6      | Found a large runed translucent door.
  8262 | D:6      | Found a large runed translucent door.
  8315 | D:6      | Identified the +6 rapier "Taoteum" {chaos, Fly rElec Str+4
                  | Dex+6}
  8517 | D:6      | Found a shimmering altar of Xom.
  9322 | D:7      | Reached ** piety under Sif Muna
  9426 | D:7      | Reached skill level 11 in Spellcasting
  9565 | D:7      | Reached skill level 1 in Invocations
 10139 | D:8      | Noticed Harold
 10176 | D:8      | Paralysed by a hornet for 1 turns
 10177 | D:7      | Succumbed to a hornet's poison

Illustrated notes

Levels and vault maps discovered:
D:1:      saegor_arrival_simple_b, layout_loops_ring, serial_shops,
          nicolae_shop_hallway_plus, minmay_tetromino_s2
D:2:      layout_basic, serial_shops, nicolae_shop_trees, basic_ecumenical_altar
D:3:      layout_loops_ring, chequers_mini_garden
D:4:      layout_basic, minmay_temple_entry_grid, goddamned_bats,
          uniq_crazy_yiuf_cottage
D:5:      layout_loops_cross, serial_undead, serial_undead_c, serial_undead_a,
          serial_undead_c, serial_undead_f, kennysheep_cluttered_room,
          minmay_bent, uniq_eustachio
D:6:      due_chaos_kobolds, layout_gridville,
          beargit_hepliaklqana_dungeon_heroes, portal_sewer_entry_a,
          uniq_blork_the_orc
D:7:      layout_rooms, uniq_menkaure
D:8:      layout_cave_pools, serial_glass, glass_columns_a, glass_columns_b,
          glass_columns_c, glass_columns_b, glass_columns_a, glass_columns_c,
          amethyst_killhole, solitary_fountain, nicolae_benzene_ring,
          st_stairs_11, uniq_harold
Temple:   mainiacjoe_temple_cubbyholes

Skill      XL: |  1  2  3  4  5  6  7  8  9 |
---------------+----------------------------+-----
Stealth        | 3 |  3.0
Earth Magic    | 4 5 6 7 8 9 |  9.9
Dodging        | 3 |  3.0
Spellcasting   | 4 5 6 7 8 10 11 | 11.8
Conjurations   | 2 |  2.0
Transmutations | 2 4 |  4.8
Fighting       | 1 2 3 |  3.7
Invocations    | 2 |  2.3

Action                   |  1- 3 |  4- 6 |  7- 9 || total
-------------------------+-------+-------+-------++-------
Melee: Unarmed           |    12 |       |       ||    12
       Dagger            |    43 |   170 |       ||   213
       Punch             |       |     4 |     2 ||     6
       Trident           |       |       |   126 ||   126
       Rapier            |       |       |     8 ||     8
 Cast: Sandblast         |    47 |    45 |    51 ||   143
       Stone Arrow       |       |     9 |   117 ||   126
       Petrify           |       |     1 |     2 ||     3
       Passwall          |       |       |     2 ||     2
Invok: Channel Magic     |       |       |     1 ||     1
  Use: Scroll            |       |       |     5 ||     5
 Stab: Sleeping          |     3 |     5 |     2 ||    10
       Distracted        |     1 |       |       ||     1
       Petrified         |       |       |     5 ||     5
Armor: Robe              |     7 |   201 |   115 ||   323
Dodge: Dodged            |    59 |   336 |   171 ||   566
